 Dungeon Crawl Stone Soup version 0.19.5 (webtiles) character file.

571 Jumperg the Shooter (level 7, 0/61 HPs)
             Began as a Centaur Hunter on May 26, 2017.
             Slain by Jumperg's ghost (2 damage)
             ... on level 3 of the Dungeon.
             The game lasted 00:44:44 (5021 turns).

Jumperg the Shooter (Centaur Hunter)                Turns: 5021, Time: 00:44:44

Health: 0/61       AC:  5    Str: 14    XL:     7   Next: 12%
Magic:  7/7        EV: 10    Int: 10    God:
Gold:   117        SH:  0    Dex: 12    Spells: 0 memorised, 6 levels left

rFire  . . .     SeeInvis .     b - +0 short sword
rCold  . . .     Gourm    .     c - +0 leather armour
rNeg   . . .     Faith    .     (no shield)
rPois  .         Spirit   .     y - +0 helmet
rElec  .         Reflect  .     (no cloak)
rCorr  .         Harm     .     (no gloves)
MR     .....                    (no barding)
Stlth  +.........               (no amulet)
                                (no ring)
                                (no ring)

@: very quick
A: hooves 3, deformed body, speed 2, tough skin 3
a: no special abilities


You were on level 3 of the Dungeon.
You were not hungry.

You visited 1 branch of the dungeon, and saw 4 of its levels.
You also visited: Ossuary.

You collected 117 gold pieces.

Inventory:

Hand Weapons
 a - a +1 shortbow
 b - a +0 short sword (weapon)
 h - a +0 spear
 n - a +0 dagger of draining
Missiles
 d - 26 arrows
 i - 56 stones (quivered)
 j - 13 sling bullets
 r - 22 bolts
 v - 7 poisoned needles
Armour
 c - a +0 leather armour (worn)
 p - a cursed -1 buckler
 y - a +0 helmet (worn)
Wands
 g - a wand of slowing (30/48)
Scrolls
 e - 2 scrolls of remove curse {unknown}
 k - 4 scrolls of identify {unknown}
 o - a scroll of fog {unknown}
 q - a scroll of magic mapping {unknown}
 t - a scroll of immolation {unknown}
 u - a scroll of teleportation {unknown}
 w - a scroll of recharging {unknown}
Potions
 s - a potion of brilliance {unknown}
 x - a potion of resistance {unknown}
Comestibles
 f - 5 bread rations
 l - 2 meat rations
 m - 2 chunks of flesh


   Skills:
 * Level 5.0 Fighting
 + Level 7.0 Bows
 + Level 3.0 Throwing
 + Level 3.1 Dodging
 - Level 0.4 Stealth


You had 6 spell levels left.
You didn't know any spells.

Dungeon Overview and Level Annotations

Branches:
Dungeon (4/15)
 Temple: D:4-7

Altars:
Dithmenos
Fedhas
Qazlal
Zin

Annotations:
D:3 Jumperg's ghost, amateur CeHu


Innate Abilities, Weirdness & Mutations

You have hooves in place of feet.
Armour fits poorly on your strangely shaped body.
You cover ground very quickly.
You have extremely tough skin. (AC +3)


Message History

Your kick misses Jumperg's ghost.
Jumperg's ghost is heavily damaged.
Jumperg's ghost hits you but does no damage.
You completely miss Jumperg's ghost.
Jumperg's ghost is heavily damaged.
Jumperg's ghost whispers, "Death is liberation."
Jumperg's ghost barely misses you.
You barely miss Jumperg's ghost.
Jumperg's ghost is heavily damaged.
Jumperg's ghost hits you.
* * * LOW HITPOINT WARNING * * *
You hit Jumperg's ghost.
Jumperg's ghost is severely damaged.
Jumperg's ghost hits you.
* * * LOW HITPOINT WARNING * * *
You hit Jumperg's ghost.
You kick Jumperg's ghost, but do no damage.
Jumperg's ghost is severely damaged.
Jumperg's ghost barely misses you. Jumperg's ghost hits you.
You die...

...........)...................##
.....#.#####....................#
.....#.#........................#
.....#...[...............)......#
.....###...........#............#
.....# #####...<.....#..........#
.....# #.........##........##
.....# ##....W...###..<...##
###### #...@....# ########
#........# #........# #........#
#........# ##########


You could see Jumperg's ghost.

Vanquished Creatures
  Duvessa (D:4)
  Dowan (D:4)
  2 hounds (D:4)
  An orc wizard (D:2)
  An orc priest (D:3)
  An iguana (D:2)
  Natasha (twice) (D:4)
  A worker ant (D:4)
  3 mummies
  Robin (D:2)
  5 adders (D:2)
  A gnoll (D:1)
  2 worms (D:4)
  3 leopard geckos
  7 orcs
  7 bats
  A giant cockroach (D:2)
  14 goblins
  14 hobgoblins
  3 jackals (D:4)
  3 quokkas
  6 frilled lizards
  2 gnoll zombies (Ossuary)
  3 hobgoblin zombies (Ossuary)
  3 kobolds
  2 orc zombies (Ossuary)
  11 rats
101 creatures vanquished.

Notes
Turn   | Place    | Note
-------+----------+-------------------------------------------
     0 | D:1      | Jumperg the Centaur Hunter began the quest for the Orb.
     0 | D:1      | Reached XP level 1. HP: 17/17 MP: 1/1
   151 | D:1      | Reached XP level 2. HP: 24/25 MP: 2/2
   460 | D:1      | Reached XP level 3. HP: 28/30 MP: 3/3
  1609 | D:2      | Found a stormy altar of Qazlal.
  1682 | D:2      | Reached skill level 6 in Bows
  1682 | D:2      | Reached XP level 4. HP: 30/38 MP: 4/4
  1979 | D:3      | Noticed Jumperg's ghost (amateur CeHu)
  2178 | D:3      | Reached skill level 1 in Throwing
  2316 | D:2      | Reached XP level 5. HP: 35/45 MP: 5/5
  2563 | D:3      | Noticed Robin
  3135 | D:2      | Killed Robin
  3557 | D:3      | Found a blossoming altar of Fedhas.
  3678 | D:3      | Found a glowing silver altar of Zin.
  3738 | D:4      | Noticed Natasha
  3741 | D:4      | Killed Natasha
  3757 | D:4      | Reached XP level 6. HP: 29/52 MP: 6/6
  3793 | D:4      | Noticed Natasha
  3800 | D:4      | Killed Natasha
  3899 | D:4      | Found a sand-covered staircase.
  3904 | Ossuary  | Entered an ossuary
  4693 | D:4      | Found a shadowy altar of Dithmenos.
  4825 | D:4      | Noticed Duvessa
  4826 | D:4      | Noticed Dowan
  4871 | D:4      | Killed Dowan
  4959 | D:4      | Killed Duvessa
  4959 | D:4      | Reached skill level 5 in Fighting
  4959 | D:4      | Reached skill level 7 in Bows
  4959 | D:4      | Reached XP level 7. HP: 32/61 MP: 7/7
  5020 | D:3      | HP: 2/61 [Jumperg's ghost (4)]
  5021 | D:3      | Slain by Jumperg's ghost

Skill      XL: |  1  2  3  4  5  6 |
---------------+-------------------+-----
Dodging        | 2 3 |  3.1
Fighting       | 3 4 5 |  5.0
Bows           | 6 7 |  7.0
Throwing       | 1 2 3 |  3.0
Stealth        | |  0.4

Action                   |  1- 3 |  4- 6 |  7- 9 || total
-------------------------+-------+-------+-------++-------
Melee: Short sword       |    84 |    54 |    29 ||   167
       Kick              |    20 |    21 |     7 ||    48
       Spear             |       |    85 |       ||    85
 Fire: Shortbow          |    47 |   159 |       ||   206
Throw: Stone             |    19 |    56 |       ||    75
       Javelin           |       |    16 |       ||    16
  Eat: Chunk             |     1 |     6 |       ||     7
       Meat ration       |       |     1 |       ||     1
Armor: Leather armour    |    28 |    74 |     5 ||   107
Dodge: Dodged            |    33 |   102 |    11 ||   146
